 Dungeon Crawl Stone Soup version 0.29.0-13-gc9e81de378 (webtiles) character file.

Game seed: 449246841732954102

102 Crumplecorn the Chopper (level 4, 0/41 HPs)
             Began as a Hill Orc Berserker on Sept 9, 2022.
             Was a Believer of Trog.
             Slain by an orc
             ... wielding a +0 trident
              (2 damage)
             ... on level 3 of the Dungeon.
             The game lasted 00:08:17 (3195 turns).

Crumplecorn the Chopper (Hill Orc Berserker)        Turns: 3195, Time: 00:08:17

Health: 0/41       AC:  7    Str: 21    XL:     4   Next: 77%
Magic:  4/4        EV:  6    Int:  7    God:    Trog [**....]
Gold:   159        SH:  9    Dex: 10    Spells: 3/3 levels left

rFire   . . .      SeeInvis .   a - +0 hand axe (freeze)
rCold   + . .      Faith    .   i - +0 tower shield
rNeg    . . .      Spirit   .   g - +0 scale mail
rPois   .          Reflect  .   (no helmet)
rElec   .          Harm     .   (no cloak)
rCorr   .          Rampage  .   (no gloves)
Will    .....                   c - +0 pair of boots
Stlth   ..........              (no amulet)
HPRegen 0.13/turn               k - ring of protection from cold
MPRegen 0.09/turn               (no ring)

@: on berserk cooldown, slowed, very slow
A: no striking features
a: Renounce Religion, Convert to Beogh, Berserk, Trog's Hand


You were on level 3 of the Dungeon.
You worshipped Trog.
Trog was pleased with you.
You visited 1 branch of the dungeon, and saw 3 of its levels.

You collected 159 gold pieces.

Inventory:

Hand Weapons
 a - a +0 hand axe of freezing (weapon)
Missiles
 d - 28 stones (quivered)
 h - 4 boomerangs
Armour
 c - a +0 pair of boots (worn)
 g - a +0 scale mail (worn)
 i - a +0 tower shield (worn)
Jewellery
 k - a ring of protection from cold (left hand)
Scrolls
 j - a scroll of teleportation {unknown}
 m - a scroll of enchant armour {unknown}
 n - a scroll of fog
 o - a scroll of blinking
Potions
 b - 4 potions of flight
 e - a potion of cancellation
 f - a potion of magic {unknown}
 l - a potion of curing


   Skills:
 + Level 4.4 Fighting
 + Level 5.6 Axes
 + Level 2.7 Armour
 + Level 2.0 Dodging
 + Level 0.1 Stealth
 + Level 0.5 Shields


You had 3 spell levels left.
You didn't know any spells.
Your spell library was empty.

Dungeon Overview and Level Annotations

Branches:
Dungeon (3/15)

Altars:


Message History

Trog accepts your kill.
You are no longer berserk.
You are exhausted.
You feel yourself slow down. You block the orc's attack.
You closely miss the kobold.
The orc priest shouts, "Beogh is our master!
Accept the truth or die!"
The orc hits you from afar with a +0 trident.
You block the orc priest's attack.
The kobold hits you but does no damage. x2
The orc hits you but does no damage.
The orc priest shouts, "Beogh is our master!
Accept the truth or die!"
The orc priest hits you but does no damage.
You block the kobold's attack. The kobold barely misses you.
The orc priest hits you from afar with a +0 trident.
You block the orc's attack.
You closely miss the kobold.
Your skin stops crawling.
You feel less strong-willed. You block the kobold's attack.
The orc hits you from afar with a +0 trident.
The orc priest hits you but does no damage.
You block the kobold's attack. The kobold hits you but does no damage.
The orc hits you from afar with a +0 trident!
The orc priest hits you but does no damage.
You barely miss the kobold. You block the kobold's attack.
The orc hits you from afar with a +0 trident.
You block the orc priest's attack. The kobold barely misses you.
The kobold hits you with a +0 short sword of speed.
The orc barely misses you.
The orc priest calls down the wrath of Beogh upon you.
Beogh smites you!
* * * LOW HITPOINT WARNING * * *
It was a potion of curing.
You feel better. You block the kobold's attack.
The orc hits you from afar with a +0 trident!
* * * LOW HITPOINT WARNING * * *
The orc priest completely misses you. You block the kobold's attack.
The kobold hits you but does no damage.
The orc priest mumbles some strange prayers to Beogh against you.
Beogh smites you!
* * * LOW HITPOINT WARNING * * *
The orc hits you from afar with a +0 trident.
You die...

########. #.#####
#....... #.....#
#...... ######.####
=.[.. +..........
..). #########.. #o.
......... #o#
########.
##+#+##K#### ##
#.......@..# #.
#......)...##########
#.
#..........'........#
#.
##+#+#.....########.#
## #.....# #.#
#.....# #.# #######
#.# #.# #.#


You could see an orc priest, an orc and a kobold.

Vanquished Creatures
  3 adders
  A dart slug (D:1)
  2 orcs (D:3)
  6 ball pythons
  5 bats
  6 endoplasms
  A giant cockroach (D:2)
  8 goblins
  5 hobgoblins
  2 jackals (D:3)
  6 quokkas
  6 frilled lizards
  8 kobolds
  5 rats
64 creatures vanquished.

Notes
Turn   | Place    | Note
-------+----------+-------------------------------------------
     0 | D:1      | Crumplecorn the Hill Orc Berserker began the quest for the
                  | Orb.
     0 | D:1      | Reached XP level 1. HP: 19/19 MP: 1/1
   555 | D:1      | Reached XP level 2. HP: 27/27 MP: 2/2
  1082 | D:1      | Reached XP level 3. HP: 33/33 MP: 3/3
  1663 | D:2      | Reached skill level 5 in Axes
  1743 | D:2      | Reached ** piety under Trog
  1799 | D:2      | Reached XP level 4. HP: 41/41 MP: 4/4
  3195 | D:3      | HP: 2/41 [orc priest/divine providence (8)]
  3195 | D:3      | Slain by an orc

Illustrated notes

Levels and vault maps discovered:
D:1:      evilmike_arrival_crescent, layout_rooms
D:2:      layout_basic
D:3:      layout_basic, uniq_sigmund

Skill      XL: |  1  2  3  4 |
---------------+-------------+-----
Fighting       | 4 |  4.4
Axes           | 5 |  5.6
Dodging        | 2 |  2.0
Armour         | |  2.7
Stealth        | |  0.1
Shields        | |  0.5

Action                   |  1- 3 |  4- 6 || total
-------------------------+-------+-------++-------
Melee: Hand axe          |    90 |    96 ||   186
       Punch             |     3 |       ||     3
Invok: Berserk           |     2 |     1 ||     3
       Trog's Hand       |       |     1 ||     1
  Use: Scroll            |     3 |     3 ||     6
       Potion            |     3 |     2 ||     5
Armor: Animal skin       |     7 |       ||     7
       Scale mail        |    15 |    50 ||    65
       Ring mail         |     3 |       ||     3
Dodge: Dodged            |    49 |    25 ||    74
Block: Tower shield      |       |    48 ||    48
